 Dungeon Crawl Stone Soup version 0.20-a0-1058-g0491fde (webtiles) character file.

5797 JeffiDaFish the Blocker (level 10, -39/63 HPs)
             Began as a Gargoyle Fighter on Apr 26, 2017.
             Was an Elder of Okawaru.
             Killed by the air
             ... invoked by Gastronok
              (42 damage)
             ... on level 8 of the Dungeon.
             The game lasted 00:17:27 (7040 turns).

JeffiDaFish the Blocker (Gargoyle Fighter)          Turns: 7040, Time: 00:17:28

Health: -39/63     AC: 23    Str: 21    XL:     10   Next: 79%
Magic:  10/10      EV:  6    Int:  8    God:    Okawaru [****..]
Gold:   359        SH: 14    Dex: 12    Spells: 3/9 levels left

rFire    . . .     SeeInvis .   r - +1 whip (freeze)
rCold    . . .     Gourm    .   c - +2 shield
rNeg     + . .     Faith    .   g - +0 plate armour
rPois    ∞         Spirit   .   (helmet restricted)
rElec    +         Reflect  .   s - +0 cloak
rCorr    .         Harm     .   p - +0 pair of gloves
MR       .....                  (no boots)
Stlth    ..........             (no amulet)
Regen    0.2/turn               (no ring)
MPRegen  0.2/turn               (no ring)

@: flying, slowed, very slow
A: antennae 1, big wings, negative energy resistance 1, electricity resistance,
unbreathing, petrification resistance, rot immunity, MP-powered wands, AC +7
a: Stop Flying, Heroism, Renounce Religion


You were on level 8 of the Dungeon.
You worshipped Okawaru.
Okawaru was greatly pleased with you.
You were hungry.

You visited 2 branches of the dungeon, and saw 9 of its levels.

You collected 359 gold pieces.

Inventory:

Hand Weapons
 a - a +0 flail
 r - a +1 whip of freezing (weapon)
Armour
 c - a +2 shield (worn)
 g - a +0 plate armour (worn)
 j - a scarf of repulsion
 p - a +0 pair of gloves (worn)
 s - a +0 cloak (worn)
Wands
 e - a wand of lightning (1/15)
Scrolls
 b - a scroll of blinking
 h - 11 scrolls of identify
 i - 4 scrolls of remove curse
 l - 3 scrolls of teleportation
 u - a scroll of recharging
Potions
 t - a potion of brilliance
Books
 d - the Collected Works on the Rocks
   (You found it on level 5 of the Dungeon)

   Spells                             Type                      Level
   a - Sandblast                      Earth                        1
   b - Passwall                       Transmutation/Earth          2
   c - Leda's Liquefaction            Hexes/Earth                  4
   d - Petrify                        Transmutation/Earth          4
   e - Iron Shot                      Conjuration/Earth            6
 k - a book of Flames

   Spells                             Type                      Level
   a - Flame Tongue                   Conjuration/Fire             1
   b - Throw Flame                    Conjuration/Fire             2
   c - Conjure Flame                  Conjuration/Fire             3
   d - Inner Flame                    Hexes/Fire                   3
   e - Sticky Flame                   Conjuration/Fire             4
   f - Fireball                       Conjuration/Fire             5
Comestibles
 f - 4 bread rations
 m - 9 meat rations
 n - 3 royal jellies
 o - 3 fruits
 q - a chunk of flesh


   Skills:
 + Level 7.3 Fighting
 + Level 9.8 Maces & Flails
 + Level 7.3 Armour
 + Level 2.3 Dodging
 + Level 0.8 Stealth
 + Level 10.1 Shields


You had 3 spell levels left.
You knew the following spells:

 Your Spells              Type           Power        Failure   Level  Hunger
a - Iron Shot             Conj/Erth      #.........   100%        6    #######


Dungeon Overview and Level Annotations

Branches:
Dungeon (8/15)             Temple (1/1) D:5
   Lair: D:8-11

Altars:
Cheibriados
Elyvilon
Fedhas
Gozag
Kikubaaqudgha
Okawaru
Ru
Trog
Uskayaw
Wu Jian
Yredelemnul
The Shining One

Shops:
D:6 *   D:7 :

Annotations:
D:8 Gastronok


Innate Abilities, Weirdness & Mutations

You are resistant to torment.
Your stone body is resilient. (AC +7)
You are immune to poison.
You resist negative energy. (rN+)
You are resistant to electric shocks. (rElec)
You can survive without breathing.
You are immune to petrification.
You are immune to rotting.
You have a pair of small antennae on your head.
Your large and strong wings let you fly indefinitely.
You expend magic power (3 MP) to strengthen your wands.


Message History

You hit Gastronok but do no damage.
Gastronok is lightly wounded.
You block Gastronok's attack.
You hit Gastronok. You freeze Gastronok.
Gastronok is moderately wounded.
You hit Gastronok. You freeze Gastronok.
Gastronok is moderately wounded.
Gastronok bites you!
* * * LOW HITPOINT WARNING * * *
You are feeling hungry.
You hit Gastronok but do no damage.
Gastronok is moderately wounded.
You hit Gastronok. You freeze Gastronok.
Gastronok is moderately wounded.
You hit Gastronok. You freeze Gastronok.
Gastronok is moderately wounded.
Gastronok waves his eye-stalks in wide circles.
The air twists around and violently strikes you in flight!
Ouch! That really hurt!
You die...

..y....#..... ..
...............<##.#
..............#....#
............(......#
....[......y.(.#....
?.........##.(y# #
#.........###c.#
#......w..# ##†###
#......@..# #.y.#
#........## ##.##.#
#........# #..# ..
#........# ##.##########
########.###..##.##..#.#
#.# ##.##..###.##....#
#.# ##)....>..........#
#.# ##.))#............##
#.# #..#.#...........##


You could see Gastronok.

Vanquished Creatures
  2 two-headed ogres (D:8)
  Pikel (D:5)
  Maurice (D:8)
  Prince Ribbit (D:8)
  Sigmund (D:3)
  The ghost of SFR the Caller, an amateur OgWz of Kikubaaqudgha (D:5)
  Menkaure (D:6)
  A water moccasin (D:6)
  Duvessa (D:5)
  2 orc warriors
  2 sky beasts (D:8)
  2 phantoms
  2 ogres (D:7)
  6 centaurs
  2 bullfrogs
  Dowan (D:5)
  2 scorpions
  6 killer bees (D:8)
  2 crimson imps
  2 bullfrog skeletons
  5 hounds
  A jelly (D:7)
  A gnoll shaman (D:7)
  7 orc wizards
  3 orc priests
  A centaur skeleton (D:5)
  Terence (D:3)
  2 iguanas
  9 worker ants
  A killer bee zombie (D:6)
  2 hound skeletons
  2 worker ant zombies
  3 adders
  6 gnolls (D:7)
  2 adder skeletons (D:4)
  3 worms
  3 dart slugs
  5 leopard geckos
  20 orcs
  6 bats
  6 giant cockroaches
  2 gnoll zombies (D:6)
  5 goblins (D:2)
  9 hobgoblins
  13 jackals
  6 kobolds
  6 quokkas
  A ball python (D:4)
  6 frilled lizards
  A leopard gecko skeleton (D:4)
  5 rats
182 creatures vanquished.

Vanquished Creatures (others)
  2 slaves (D:5)
  A jelly (D:5)
3 creatures vanquished.

Grand Total: 185 creatures vanquished

Notes
Turn   | Place    | Note
-------+----------+-------------------------------------------
     0 | D:1      | JeffiDaFish the Gargoyle Fighter began the quest for the Orb.
     0 | D:1      | Reached XP level 1. HP: 14/14 MP: 1/1
   316 | D:1      | Reached XP level 2. HP: 17/19 MP: 2/2
   479 | D:1      | Reached XP level 3. HP: 23/23 MP: 3/3
  1131 | D:2      | Reached skill level 4 in Shields
  1131 | D:2      | Reached XP level 4. HP: 28/29 MP: 4/4
  1693 | D:2      | Found an opulent altar of Gozag.
  1968 | D:3      | Reached XP level 5. HP: 33/33 MP: 5/5
  2061 | D:3      | Noticed Sigmund
  2075 | D:3      | Killed Sigmund
  2075 | D:3      | Reached skill level 1 in Dodging
  2075 | D:3      | Reached skill level 5 in Shields
  2075 | D:3      | Reached XP level 6. HP: 38/38 MP: 6/6
  2181 | D:3      | Noticed Terence
  2194 | D:3      | Killed Terence
  3107 | D:4      | Reached XP level 7. HP: 44/44 MP: 7/7
  3178 | D:5      | Entered Level 5 of the Dungeon
  3247 | D:5      | Noticed Pikel
  3253 | D:5      | Noticed Duvessa
  3255 | D:5      | Noticed SFR's ghost (amateur OgWz)
  3256 | D:5      | Noticed Dowan
  3292 | D:5      | Killed Pikel
  3292 | D:5      | Reached skill level 5 in Maces & Flails
  3292 | D:5      | Reached skill level 6 in Shields
  3292 | D:5      | Reached XP level 8. HP: 44/48 MP: 8/8
  3316 | D:5      | Killed SFR's ghost
  3316 | D:5      | Reached skill level 5 in Fighting
  3316 | D:5      | Reached skill level 5 in Armour
  3321 | D:5      | Killed Duvessa
  3326 | D:5      | Killed Dowan
  3545 | D:5      | Found a blossoming altar of Fedhas.
  3572 | D:5      | Found a staircase to the Ecumenical Temple.
  3692 | Temple   | Entered the Ecumenical Temple
  3738 | Temple   | Became a worshipper of Warmaster Okawaru
  3936 | D:5      | Reached skill level 7 in Shields
  4041 | D:5      | Reached XP level 9. HP: 41/54 MP: 9/9
  4050 | D:5      | Gained mutation: You expend magic power (3 MP) to strengthen your wands. [potion of mutation]
  4050 | D:5      | Gained mutation: Your large and strong wings let you fly indefinitely. [potion of mutation]
  4050 | D:5      | Gained mutation: You have a pair of small antennae on your head. [potion of mutation]
  4110 | D:5      | Reached * piety under Okawaru
  4118 | D:5      | Identified the Collected Works on the Rocks
  4127 | D:5      | Learned a level 6 spell: Iron Shot
  4597 | D:6      | Found Qoimipic's General Store.
  4706 | D:6      | Reached skill level 8 in Shields
  4855 | D:6      | Noticed Menkaure
  4860 | D:6      | Killed Menkaure
  5040 | D:6      | Reached ** piety under Okawaru
  5087 | D:6      | Found a basalt altar of Yredelemnul.
  6190 | D:7      | Found Caxadgh's Book Boutique.
  6205 | D:7      | Reached XP level 10. HP: 57/61 MP: 10/10
  6286 | D:8      | Reached skill level 9 in Shields
  6315 | D:8      | Noticed Maurice
  6321 | D:8      | Noticed a two-headed ogre
  6359 | D:8      | Killed a two-headed ogre
  6359 | D:8      | Reached *** piety under Okawaru
  6370 | D:8      | Killed Maurice
  6631 | D:8      | Noticed a two-headed ogre
  6632 | D:8      | Noticed Prince Ribbit
  6665 | D:8      | Killed Prince Ribbit
  6688 | D:8      | Killed a two-headed ogre
  6688 | D:8      | Reached **** piety under Okawaru
  6708 | D:8      | Reached skill level 10 in Shields
  6745 | D:8      | HP: 2/63 [centaur (5)]
  7022 | D:8      | Noticed Gastronok
  7037 | D:8      | HP: 3/63 [Gastronok (15)]
  7040 | D:8      | Killed from afar by Gastronok

Vault maps used:
D:1:      dpeg_arrival_circle_labyrinth_c
D:2:      amethyst_killhole, minmay_misc_feat_four_crosses,
          grunt_gozag_breadcrumbs
D:3:      first_bread, uniq_sigmund, uniq_terence
D:5:      kennysheep_windowed_halls, minmay_temple_entry_trees, basic_altar,
          uniq_duvessa, uniq_pikel
D:6:      lemuel_zombie_altar_yredelemnul, serial_shops, shop, uniq_menkaure
D:7:      serial_shops, shop
D:8:      lemuel_round_altar, marbit_many_paths, uniq_maurice,
          uniq_prince_ribbit1, uniq_gastronok
Temple:   compressed_dpeg_circular_temple

Skill      XL: |  1  2  3  4  5  6  7  8  9 10 |
---------------+-------------------------------+-----
Shields        | 4 5 6 7 8 10 | 10.1
Maces & Flails | 3 4 5 7 8 9 |  9.8
Fighting       | 4 5 6 7 |  7.3
Armour         | 4 5 6 7 |  7.3
Dodging        | 1 2 |  2.3
Stealth        | |  0.8

Action                   |  1- 3 |  4- 6 |  7- 9 | 10-12 || total
-------------------------+-------+-------+-------+-------++-------
Melee: Flail             |   130 |   184 |    66 |       ||   380
       Whip              |       |       |   559 |   215 ||   774
 Abil: Fly               |       |       |     1 |       ||     1
  Use: Scroll            |     5 |     2 |     6 |       ||    13
       Potion            |     2 |     5 |     5 |     4 ||    16
  Eat: Chunk             |     1 |     7 |    11 |     2 ||    21
Armor: Chain mail        |   120 |    12 |       |       ||   132
       Plate armour      |       |    74 |   271 |    68 ||   413
Dodge: Dodged            |    33 |    30 |    98 |    20 ||   181
       Deflected         |       |     1 |       |       ||     1
Block: Shield            |   106 |   105 |   328 |    93 ||   632
